 Dungeon Crawl Stone Soup version 0.19-a0-1341-g3513869 (webtiles) character file.

6809 Amnesiac the Fighter (level 11, -9/110 HPs)
             Began as a Hill Orc Berserker on Sept 1, 2016.
             Was a High Priest of Trog.
             Shot with an arrow by a centaur warrior (18 damage)
             ... on level 9 of the Dungeon on Sept 2, 2016.
             The game lasted 00:17:41 (6669 turns).

Amnesiac the Fighter (Hill Orc Berserker)           Turns: 6669, Time: 00:17:41

Health: -9/110     AC: 11    Str: 23      XL:     11   Next: 5%
Magic:  9/9        EV:  9    Int:  9      God:    Trog [*****.]
Gold:   281        SH:  2    Dex: 12 (13) Spells: 0 memorised, 10 levels left

rFire  . . .     SeeInvis .     E - +0 hand axe (elec)
rCold  . . .     Gourm    .     r - +0 chain mail
rNeg   . . .     Faith    .     (no shield)
rPois  .         Spirit   .     (no helmet)
rElec  .         Dismiss  .     (no cloak)
rCorr  .         Reflect  .     (no gloves)
MR     .....     Harm     .     s - +0 pair of boots
Stlth  ..........               (no amulet)
                                (no ring)
                                (no ring)

@: lethally poisoned (-9 -> -10)
A: large bone plates 1, clever 1, deterioration 1, low mp 1, strong 1, wild
magic 1, MP-powered wands
a: Berserk, Trog's Hand, Brothers in Arms, Burn Spellbooks, Renounce Religion


You were on level 9 of the Dungeon.
You worshipped Trog.
Trog was extremely pleased with you.
You were not hungry.

You visited 1 branch of the dungeon, and saw 10 of its levels.
You also visited: Ossuary.

You collected 456 gold pieces.
You spent 175 gold pieces at shops.

Inventory:

Hand Weapons
 E - a +0 hand axe of electrocution (weapon)
 F - a +2 battleaxe of flaming
Armour
 e - a +0 robe of fire resistance
 r - a +0 chain mail (worn)
 s - a +0 pair of boots (worn)
 K - a steam dragon hide
Wands
 b - a wand of lightning (5/15)
 f - a wand of random effects (22/48)
 j - a wand of acid (10/15)
 u - a wand of disintegration (10/24)
 v - a wand of iceblast (5/15)
 C - a wand of flame (30/48)
 D - a wand of teleportation (6/9)
Scrolls
 g - 4 scrolls of identify
 k - 2 scrolls of enchant weapon {unknown}
 l - a scroll of fog {unknown}
 m - 3 scrolls of magic mapping {unknown}
 n - a scroll of fear {unknown}
 o - a scroll of recharging {unknown}
 x - a scroll of enchant armour {unknown}
 y - 2 scrolls of remove curse {unknown}
 B - a scroll of teleportation
Potions
 a - 2 potions of might
 d - 2 potions of flight
 p - a potion of cancellation
 q - a potion of lignification
 t - 2 potions of brilliance
 w - 4 potions of haste
 z - 2 potions of berserk rage
 A - 2 potions of curing
 J - 2 potions of ambrosia
Books
 I - a book of the Earth

   Spells                             Type                      Level
   a - Leda's Liquefaction            Hexes/Earth                  4
   b - Bolt of Magma                  Conjuration/Fire/Earth       5
   c - Statue Form                    Transmutation/Earth          6
   d - Iron Shot                      Conjuration/Earth            6
   e - Shatter                        Earth                        9
   Trog disapproves of the use of such an item.
Comestibles
 h - 9 slices of pizza
 i - 3 meat rations
 G - 3 beef jerkies
 H - 2 bread rations


   Skills:
 - Level 14.2 Fighting
 - Level 14.1 Axes
 - Level 2.1 Armour
 + Level 2.6 Dodging


You had 10 spell levels left.
You didn't know any spells.

Dungeon Overview and Level Annotations

Branches:
Dungeon (10/15)            Temple (0/1) D:6             Orc (0/2) D:10
   Lair: D:8-11

Altars:
Ashenzari
Gozag
Makhleb
Nemelex Xobeh
Okawaru
Qazlal
Ru
Xom

Shops:
D:5 (


Innate Abilities, Weirdness & Mutations

You are partially covered in large bone plates. (AC +2, SH +2)
Your mind is acute. (Int +2)
Your body sometimes deteriorates upon taking damage.
Your magical capacity is low. (-10% MP)
Your muscles are strong. (Str +2)
Your spells are a little harder to cast, but a little more powerful.
You expend magic power (3 MP) to strengthen your wands.


Message History

You feel sick. The freezing wraith hits you. The freezing wraith freezes you!
Your body deteriorates!
You feel clumsy. The freezing wraith hits you!
* * * LOW HITPOINT WARNING * * *
The freezing wraith hits you!
* * * LOW HITPOINT WARNING * * *
The freezing wraith freezes you!
* * * LOW HITPOINT WARNING * * *
The freezing wraith hits you but does no damage.
You feel sick.
There is a stone staircase leading up here.
You feel sick.
Okay, then.
There is a stone staircase leading up here.
Okay, then.
You feel sick.
The centaur warrior unwields an uncursed scimitar.
The centaur warrior wields a glowing shortbow.
The centaur warrior shoots an arrow.
The arrow hits you!!
You die...

..# #..'....#.........# #.##
..## #..≈#............#.#
#... .#.#
......≈#.........##.#.# ####
####§≈≈≈≈≈≈≈#...#####.##.#.#
# .#.##########...# #.##.#.#
# .....># #...# ##....#.#
####.## ###.#
##...###.###### ####.#
#.###.#.#.##....... .##..#
#.@.WT..##.######## .....##
####.<#Z#.### ## ......#
#..c..<..# #. .....##
####.###Z# #. ..#.## #.# #.#
#. ..#.# #.# #T# ##. .##.#
#.# #c# ##.. ###.# ## #.#
#Z# ##.## # .# #.. #.# #O#
#.##


You could see a centaur warrior, a freezing wraith, a troll and a wyvern zombie.

Vanquished Creatures
  2 two-headed ogres (D:9)
  Prince Ribbit (D:7)
  A wyvern (D:10)
  A human (D:8)
  6 yaks (D:9)
  4 hogs (D:8)
  A hippogriff (D:8)
  A steam dragon (D:10)
  5 orc warriors
  4 sky beasts
  2 black bears
  6 ogres
  A wasp (D:8)
  4 centaurs
  A phantom (D:10)
  2 giant frogs
  A water moccasin zombie (Ossuary)
  A wyvern skeleton (D:6)
  2 scorpions (D:5)
  The ghost of Amnesiac the Chopper, a weakling HOBe of Trog (D:3)
  3 killer bees (D:9)
  3 howler monkeys
  2 crimson imps
  A wasp zombie (D:7)
  4 centaur zombies
  5 giant frog zombies
  A quasit (D:6)
  A giant frog skeleton (D:10)
  4 hounds
  2 orc priests
  3 jellies
  6 orc wizards
  6 worker ants
  3 iguanas
  3 killer bee zombies
  3 hound zombies
  2 hound skeletons (D:6)
  13 mummies (Ossuary)
  3 worker ant zombies
  A howler monkey zombie (Ossuary)
  3 adders
  3 adder zombies (Ossuary)
  5 giant geckos
  27 orcs
  2 giant cockroaches
  12 goblins
  2 hobgoblins (D:2)
  2 jackals (D:7)
  A kobold (D:2)
  7 quokkas
  2 bats (D:2)
  4 giant gecko zombies (Ossuary)
  2 giant newts
  A jackal zombie (D:5)
  2 quokka zombies
  2 rats (D:2)
193 creatures vanquished.

Vanquished Creatures (others)
  An adder (D:3)
  An orc (D:3)
  A quokka (D:3)
  A withered plant (Ossuary)
4 creatures vanquished.

Grand Total: 197 creatures vanquished

Notes
Turn   | Place    | Note
-------+----------+-------------------------------------------
     0 | D:1      | Amnesiac the Hill Orc Berserker began the quest for the Orb.
     0 | D:1      | Reached XP level 1. HP: 19/19 MP: 1/1
    33 | D:2      | Found a sacrificial altar of Ru.
   334 | D:2      | Reached XP level 2. HP: 27/27 MP: 2/2
   459 | D:3      | Reached skill level 5 in Axes
   461 | D:3      | Noticed Amnesiac's ghost (weakling HOBe)
   468 | D:3      | Killed Amnesiac's ghost
   468 | D:3      | Reached XP level 3. HP: 33/34 MP: 3/3
   468 | D:3      | Reached XP level 4. HP: 40/41 MP: 4/4
   795 | D:4      | Reached ** piety under Trog
   795 | D:4      | Reached XP level 5. HP: 47/47 MP: 5/5
   872 | D:4      | Reached skill level 5 in Fighting
   911 | D:5      | Entered Level 5 of the Dungeon
   916 | D:5      | Noticed an ogre
   940 | D:5      | Killed an ogre
   940 | D:5      | Reached XP level 6. HP: 56/56 MP: 6/6
   987 | D:5      | Found a burning altar of Makhleb.
   989 | D:5      | Noticed a balrug
   991 | D:5      | Found a shimmering altar of Xom.
  1070 | D:5      | Found Buril's Antique Weapon Boutique.
  1083 | D:5      | Reached XP level 7. HP: 58/62 MP: 7/7
  1299 | D:5      | Found a sparkling altar of Nemelex Xobeh.
  1303 | D:5      | Found a shimmering altar of Xom.
  1543 | D:5      | Reached skill level 10 in Axes
  1670 | D:6      | Reached XP level 8. HP: 53/71 MP: 8/8
  1985 | D:7      | Noticed Prince Ribbit
  1994 | D:7      | Reached *** piety under Trog
  1996 | D:7      | Killed Prince Ribbit
  2129 | D:8      | Found a sand-covered staircase.
  2163 | D:8      | Gained mutation: Armour fits poorly on your strangely shaped body. [mutagenic meat]
  2166 | D:8      | Gained mutation: You are partially covered in large bone plates. (AC +2, SH +2) [mutagenic meat]
  2169 | D:8      | Gained mutation: Your body sometimes deteriorates upon taking damage. [mutagenic meat]
  2173 | Ossuary  | Entered an ossuary
  2344 | Ossuary  | Reached XP level 9. HP: 30/82 MP: 9/9
  3340 | D:8      | Found an opulent altar of Gozag.
  3345 | D:8      | Noticed a white ugly thing
  3393 | D:7      | Reached **** piety under Trog
  3400 | D:7      | Lost mutation: Armour fits poorly on your strangely shaped body. [mutagenic meat]
  3401 | D:7      | HP: 4/83 [acid (7)]
  3835 | D:6      | Found a staircase to the Ecumenical Temple.
  3928 | D:5      | Bought a runed battleaxe for 175 gold pieces
  4080 | D:8      | Found a stormy altar of Qazlal.
  4297 | D:8      | Reached skill level 10 in Fighting
  4463 | D:8      | Found an iron altar of Okawaru.
  4548 | D:8      | Reached XP level 10. HP: 94/94 MP: 10/10
  4786 | D:9      | Found a shattered altar of Ashenzari.
  5125 | D:10     | Entered Level 10 of the Dungeon
  5343 | D:10     | Reached ***** piety under Trog
  6009 | D:10     | Found a staircase to the Orcish Mines.
  6069 | D:10     | Gained mutation: Your muscles are strong. (Str +2) [potion of mutation]
  6069 | D:10     | Gained mutation: Your mind is acute. (Int +2) [potion of mutation]
  6070 | D:10     | Gained mutation: You expend magic power (3 MP) to strengthen your wands. [potion of mutation]
  6070 | D:10     | Gained mutation: Your magical capacity is low. (-10% MP) [potion of mutation]
  6070 | D:10     | Gained mutation: Your spells are a little harder to cast, but a little more powerful. [potion of mutation]
  6345 | D:10     | Reached XP level 11. HP: 103/110 MP: 9/9
  6580 | D:9      | Noticed a centaur warrior
  6641 | D:9      | Received a gift from Trog
  6669 | D:9      | Shot with an arrow by a centaur warrior

Vault maps used:
D:1:      roderic_crop_circles_arrival_small, roderic_lattice_a
D:2:      nicolae_ru_awakened_eye
D:3:      fiery_altar_vehumet, ecumenical_altar_2, st_stairs_13
D:5:      makhleb_altar_promises_db, xom_butterflies, serial_shops,
          shop_fountains, first_bread, hangedman_feature_mirror,
          grunt_ministairs_4, minmay_ogre_servants
D:6:      kennysheep_generic_room_8
D:7:      hangedman_decor_peaks_small, uniq_prince_ribbit1
D:8:      marbit_many_paths, overflow_temple_1_default,
          nicolae_ossuary_entry_false_entrances, grunt_livestock,
          okawaru_trees_2
D:9:      minmay_bloctagon, evilmike_ruin_ashenzari, kennysheep_generic_room_7
D:10:     david_orc_4
Ossuary:  ossuary_zaba_flooded

Skill      XL: |  1  2  3  4  5  6  7  8  9 10 11 |
---------------+----------------------------------+-----
Fighting       | 4 5 6 8 10 14 | 14.2
Axes           | 5 6 7 8 10 12 14 | 14.1
Dodging        | 2 |  2.6
Armour         | |  2.1

Action                   |  1- 3 |  4- 6 |  7- 9 | 10-12 || total
-------------------------+-------+-------+-------+-------++-------
Melee: Hand axe          |    32 |    73 |    82 |   198 ||   385
       War axe           |       |       |   354 |       ||   354
       Battleaxe         |       |       |    12 |    15 ||    27
Invok: Berserk           |     2 |     6 |     8 |     4 ||    20
  Use: Potion            |       |       |     1 |     5 ||     6
       Scroll            |       |       |       |     9 ||     9
 Stab: Sleeping          |       |       |     1 |       ||     1
  Eat: Chunk             |       |     8 |    18 |     9 ||    35
       Bread ration      |       |       |     2 |       ||     2
Armor: Animal skin       |     3 |       |       |       ||     3
       Robe              |     1 |     4 |     4 |       ||     9
       Chain mail        |       |       |   151 |    73 ||   224
Dodge: Dodged            |    15 |    29 |   156 |    55 ||   255
Block: Other             |       |       |    12 |    10 ||    22
